 Dungeon Crawl Stone Soup version 0.29.1 (webtiles) character file.

Game seed: 17620510325183373571

5045 mtoz the Fighter (level 10, -1/91 HPs)
             Began as a Minotaur Fighter on Sept 14, 2022.
             Killed by nerve-wracking pain
             ... invoked by a shadow imp
             ... summoned by a kobold demonologist
              (10 damage)
             ... on level 9 of the Dungeon.
             The game lasted 00:28:58 (9239 turns).

mtoz the Fighter (Minotaur Fighter)                 Turns: 9239, Time: 00:28:59

Health: -1/91      AC: 14    Str: 30    XL:     10   Next: 30%
Magic:  9/9        EV: 24    Int:  4    God:
Gold:   488        SH:  6    Dex: 14    Spells: 9/9 levels left

rFire   . . .      SeeInvis .   a - +0 war axe
rCold   . . .      Faith    .   c - +0 buckler
rNeg    . . .      Spirit   .   M - +0 plate armour
rPois   .          Reflect  .   (helmet unavailable)
rElec   .          Harm     .   J - scarf {+Inv}
rCorr   .          Rampage  .   (no gloves)
Will    .....                   (no boots)
Stlth   ..........              l - amulet of the acrobat
HPRegen 0.25/turn               H - +6 ring of dexterity
MPRegen 0.11/turn               (no ring)

@: spiked, acrobatic
A: horns 3, retaliatory headbutt, low MP 1, strong 1
a: Evoke Invisibility


You were on level 9 of the Dungeon.
You visited 2 branches of the dungeon, and saw 10 of its levels.

You collected 501 gold pieces.
You spent 13 gold pieces at shops.

Inventory:

Hand Weapons
 a - a +0 war axe (weapon)
 e - a +0 short sword
 i - a +0 mace
 p - the +3 hammer "Xodyg" {drain, +Blink rC+ Str-4 Int+7}
   (You found it on level 2 of the Dungeon)

   A truly terrible weapon, it drains the life of any living foe it strikes.
   Str:       It affects your strength (-4).
   Int:       It affects your intelligence (+7).
   rC:        It protects you from cold.
   +Blink:    It lets you blink.
 r - a +0 morningstar
 z - a +2 halberd of pain
 B - a +2 trident of protection
 E - a +0 glaive
 F - a +2 halberd of flaming
 K - a +0 flail
 L - a +0 trident
Armour
 c - a +0 buckler (worn)
 x - a +0 kite shield
 J - a scarf of invisibility (worn)
 M - a +0 plate armour (worn)
Jewellery
 l - an amulet of the acrobat (around neck)
 m - a ring of willpower
 H - a +6 ring of dexterity (left hand)
Wands
 k - a wand of polymorph (8)
 y - a wand of paralysis (3)
 C - a wand of flame (31)
 D - a wand of iceblast (3)
Scrolls
 d - 2 scrolls of enchant armour
 f - a scroll of immolation
 j - 2 scrolls of poison
 n - a scroll of butterflies
 q - a scroll of amnesia
 u - 3 scrolls of fear
 v - 2 scrolls of brand weapon {unknown}
 w - a scroll of noise {unknown}
Potions
 b - 2 potions of brilliance
 g - a potion of flight
 o - 2 potions of haste
 s - a potion of might
 t - a potion of invisibility
 I - a potion of curing


   Skills:
 * Level 9.1 Fighting
 * Level 8.7 Axes
 * Level 9.0 Armour
 + Level 4.8 Dodging
 * Level 9.1 Shields
 * Level 2.9 Invocations
 * Level 2.7 Evocations


You had 9 spell levels left.
You didn't know any spells.
Your spell library contained the following spells:

 Spells                   Type           Power      Damage    Failure   Level
 Freeze                   Ice            0%         1d3       99%         1
 Magic Dart               Conj           0%         1d3       99%         1
 Sandblast                Erth           0%         2d4       99%         1
 Shock                    Conj/Air       0%         1d3       99%         1
 Passwall                 Tmut/Erth      0%         N/A       100%        2
 Searing Ray              Conj           0%         2d4       100%        2
 Frozen Ramparts          Ice            0%         1d1       100%        3
 Gell's Gravitas          Tloc           0%         N/A       100%        3
 Stone Arrow              Conj/Erth      0%         3d7       100%        3
 Swiftness                Air            0%         N/A       100%        3
 Teleport Other           Tloc           0%         N/A       100%        3
 Airstrike                Air            0%         2d(0-16)  100%        4
 Animate Dead             Necr           0%         N/A       100%        4
 Fulminant Prism          Conj/Hex       0%         3d6       100%        4
 Hailstorm                Conj/Ice       0%         3d3       100%        4
 Dispersal                Tloc           0%         N/A       100%        6
 Haunt                    Necr/Summ      0%         N/A       100%        7
 Infestation              Necr           0%         N/A       100%        8


Dungeon Overview and Level Annotations

Branches:
Dungeon (9/15)             Temple (1/1) D:7
   Lair: D:8-11         Orc: D:9-12

Altars:
Ashenzari
Cheibriados
Dithmenos
Elyvilon
Fedhas
Hepliaklqana
Makhleb
Nemelex Xobeh
Qazlal
Sif Muna
Trog
Uskayaw
Vehumet
Wu Jian
Xom
Yredelemnul

Shops:
D:1 *

Annotations:
D:2 1 runed translucent door, Crazy Yiuf


Innate Abilities, Weirdness & Mutations

You have a pair of large horns on your head.
You reflexively headbutt those who attack you in melee.
Your magical capacity is low. (-10% MP)
Your muscles are strong. (Str +4, Int/Dex -1)


Message History

You feel extremely sick.
The shadow imp disappears in a puff of smoke!
The kobold demonologist gestures wildly while chanting.
The barbs in your skin will harm you if you move.
Continue?
The barbed spikes dig painfully into your body as you move.
You feel very sick.
The quasit disappears in a puff of smoke!
Cornered, the kobold demonologist turns to fight!
The kobold demonologist looks encouraged for a moment.
The ufetubus misses you. You furiously retaliate!
You headbutt the ufetubus. The ufetubus completely misses you.
The shadow imp misses you.
Things that are here:
a +0 dagger; a +0 robe You feel better.
The ufetubus barely misses you. The ufetubus closely misses you.
The shadow imp misses you.
The ufetubus hits you but does no damage. x2
Okay, then.
The shadow imp attacks as you move away!
The shadow imp barely misses you.
The barbed spikes dig painfully into your body as you move.
The kobold demonologist begins to cast a cantrip, but forgets the words!
The ufetubus closely misses you.
The ufetubus hits you but does no damage.
The shadow imp attacks as you move away!
The shadow imp completely misses you.
The barbed spikes dig painfully into your body as you move.
The barbed spikes dig painfully into your body as you move.
* * * LOW HITPOINT WARNING * * *
Cornered, the orange demon turns to fight!
The barbed spikes dig painfully into your body as you move.
* * * LOW HITPOINT WARNING * * *
The barbed spikes dig painfully into your body as you move.
* * * LOW HITPOINT WARNING * * *
The barbed spikes dig painfully into your body as you move.
* * * LOW HITPOINT WARNING * * *
The barbed spikes dig painfully into your body as you move.
* * * LOW HITPOINT WARNING * * *
The shadow imp gestures at you. Pain shoots through your body!
You die...

####.. #..K.
###..# ###..)#
#...)## #...K#####
#..4..55.#
#.(..###.####
###### #..@.#
####.# #.######
...
#......######....
######....<...# .
###......# ...####
#..####.#
.......###.#####.#
#...............#


You could see a shadow imp (summoned) and an ufetubus (summoned).

Vanquished Creatures
  A two-headed ogre (D:7)
  2 kobold demonologists (D:9)
  Maggie (D:6)
  2 hornets
  A wyvern (D:8)
  A steam dragon (D:8)
  4 vampire mosquitoes (D:8)
  A water moccasin (D:7)
  An ice beast (D:5)
  A sky beast (D:6)
  3 orc warriors
  2 black bears
  A centaur (D:8)
  An ogre (D:6)
  2 phantoms
  A kobold brigand (D:7)
  2 bullfrogs
  A gnoll sergeant (D:8)
  9 killer bees
  3 howler monkeys (D:9)
  3 hounds
  5 orc priests
  A jelly (D:8)
  An iguana (D:4)
  8 orc wizards
  An adder (D:4)
  7 gnolls
  3 shadow imps
  2 ufetubi (D:5)
  3 dart slugs
  27 orcs
  7 ball pythons
  5 endoplasms
  6 giant cockroaches
  5 hobgoblins
  3 quokkas
  5 bats
  3 frilled lizards
  4 goblins
  5 kobolds
  10 rats
154 creatures vanquished.

Notes
Turn   | Place    | Note
-------+----------+-------------------------------------------
     0 | D:1      | mtoz the Minotaur Fighter began the quest for the Orb.
     0 | D:1      | Reached XP level 1. HP: 19/19 MP: 0/0
   284 | D:1      | Found Wicagiocw's General Store.
   288 | D:1      | Bought a potion of degeneration for 13 gold pieces
   333 | D:1      | Reached XP level 2. HP: 27/27 MP: 1/1
  1092 | D:2      | Identified the +3 hammer "Xodyg" {drain, +Blink rC+ Str-4
                  | Int+7}
  1096 | D:2      | Found a runed translucent door.
  1097 | D:2      | Noticed Crazy Yiuf
  1191 | D:2      | Reached XP level 3. HP: 33/33 MP: 2/2
  1774 | D:3      | Found a basalt altar of Yredelemnul.
  2136 | D:3      | Found a faded altar of an unknown god.
  2216 | D:3      | Found a radiant altar of Vehumet.
  2409 | D:4      | Reached XP level 4. HP: 32/41 MP: 3/3
  2503 | D:4      | Noticed a black bear
  2532 | D:4      | Killed a black bear
  2533 | D:4      | Reached XP level 5. HP: 44/47 MP: 4/4
  2571 | D:4      | Reached skill level 1 in Dodging
  2686 | D:4      | Reached skill level 5 in Fighting
  2686 | D:4      | Reached skill level 5 in Armour
  2686 | D:4      | Reached skill level 5 in Shields
  3387 | D:5      | Entered Level 5 of the Dungeon
  3548 | D:5      | Noticed an ice beast
  3564 | D:5      | Killed an ice beast
  3565 | D:5      | Reached XP level 6. HP: 37/56 MP: 5/5
  3674 | D:5      | Found a blossoming altar of Fedhas.
  3721 | D:5      | Gained mutation: Your muscles are strong. (Str +4, Int/Dex
                  | -1) [potion of mutation]
  3721 | D:5      | Gained mutation: Your magical capacity is low. (-10% MP)
                  | [potion of mutation]
  3721 | D:5      | Gained mutation: You have a pair of large horns on your
                  | head. [potion of mutation]
  4276 | D:6      | Reached XP level 7. HP: 46/61 MP: 5/5
  4391 | D:6      | Reached skill level 5 in Axes
  4622 | D:6      | Noticed Maggie
  4645 | D:6      | Killed Maggie
  4837 | D:6      | Reached XP level 8. HP: 44/71 MP: 6/6
  5418 | D:7      | Noticed a two-headed ogre
  5428 | D:7      | Killed a two-headed ogre
  5661 | D:7      | Found a staircase to the Ecumenical Temple.
  5684 | Temple   | Entered the Ecumenical Temple
  6016 | D:7      | Reached XP level 9. HP: 80/80 MP: 7/7
  7552 | D:8      | Reached skill level 1 in Invocations
  7555 | D:8      | Reached skill level 1 in Evocations
  8743 | D:8      | Reached XP level 10. HP: 57/90 MP: 9/9
  9226 | D:9      | Noticed a soul eater
  9227 | D:9      | Noticed an orange demon
  9239 | D:9      | Killed from afar by a shadow imp

Illustrated notes

Levels and vault maps discovered:
D:1:      lightli_arrival_lavapool, layout_basic, serial_shops, shop,
          dk_noncrumbling_4
D:2:      layout_basic, uniq_crazy_yiuf_cottage
D:3:      layout_loops_cross, mainiacjoe_overflow_boulevard,
          mainiacjoe_overflow_paths, hellmonk_ecumenical_altar_defaced_shrine,
          minmay_misc_feat_enclosed, grunt_decor_one_mirror,
          dreamdust_wishing_well
D:4:      layout_basic
D:5:      layout_loops_ring, overflow_temple_1_default,
          wad_floor_pattern_untrapped
D:6:      layout_loops_ring, uniq_maggie
D:7:      layout_basic, minmay_temple_entry_ruins, hex_intersection,
          minmay_misc_feat_tiny, minmay_starry_boxes
D:8:      layout_cave_pools, st_stairs_14, corexii_mini_fake_secret_closet
D:9:      layout_rooms
Temple:   compressed_dpeg_triangle_lava_temple

Skill      XL: |  1  2  3  4  5  6  7  8  9 10 |
---------------+-------------------------------+-----
Fighting       | 4 5 6 7 8 9 |  9.1
Shields        | 4 5 6 7 8 9 |  9.1
Axes           | 3 4 5 7 8 |  8.7
Armour         | 4 5 6 7 8 9 |  9.0
Dodging        | 1 2 3 4 |  4.8
Invocations    | 2 |  2.9
Evocations     | 2 |  2.7

Action                   |  1- 3 |  4- 6 |  7- 9 | 10-12 || total
-------------------------+-------+-------+-------+-------++-------
Melee: War axe           |    94 |    86 |   167 |    41 ||   388
       Headbutt          |    11 |    10 |    29 |     6 ||    56
Evoke: Wand              |       |       |    15 |       ||    15
  Use: Scroll            |     2 |     1 |     3 |     1 ||     7
       Potion            |       |     7 |     3 |     2 ||    12
 Stab: Paralysed         |       |       |     8 |       ||     8
Armor: Scale mail        |    31 |       |       |       ||    31
       Chain mail        |    16 |    46 |    25 |       ||    87
       Plate armour      |       |       |    86 |    40 ||   126
Dodge: Dodged            |    42 |    37 |   122 |    24 ||   225
Block: Buckler           |    26 |    16 |    45 |    15 ||   102
